AoeStats
← Bilbo T Baggins

Arena

510110819Analyzed
1v1 RM · 4d ago on Sep 29, 2026· 61m 54s· 2 players
Game mode
Random Map
Map size
Tiny (2 player)
Population
200
Speed
Normal
Resources
Standard
Victory
Conquest
Starting age
Dark Age
Ending age
Imperial Age
RankedLock teamsTeams togetherTeam positionsShared explorationLock speedFull tech treeHidden civsTurbo modeCheats
Victory
Defeat
🇺🇸 Lithuanians · United States
1033
+18
🇦🇷 Saracens · Argentina
1081
-18
Bilbo T Baggins
9:22 Loom
11:55 Feudal Age
12:26 Double-Bit Axe
12:22 Horse Collar
17:03 Castle Age
15:22 Stone Mining
15:51 Gold Mining
18:01 Bow Saw
18:03 Heavy Plow
19:33 Wheelbarrow
19:27 Fletching
22:21 Forging
22:09 Town Watch
22:41 Pikeman
25:49 Stone Shaft Mining
25:37 Hand Cart
31:02 Imperial Age
28:41 Scale Barding Armor
29:54 Light Cavalry
31:40 Masonry
32:49 Chemistry
32:03 Masonry
32:43 Bloodlines
32:25 Halberdier
33:11 Squires
33:47 Iron Casting
33:12 Scale Mail Armor
33:08 Bodkin Arrow
33:48 Conscription
33:30 Tower Shields
34:41 Chain Barding Armor
34:21 Padded Archer Armor
34:41 Chain Barding Armor
41:13 Elite Leitis
41:57 Bracer
42:34 Plate Barding Armor
42:14 Chain Mail Armor
42:19 Elite Skirmisher
49:50 Murder Holes
50:25 Architecture
50:08 Winged Hussar
51:30 Leather Archer Armor
55:23 Two-Man Saw
56:33 Husbandry
MacFer90
10:26 Feudal Age
14:13 Castle Age
12:59 Double-Bit Axe
12:58 Horse Collar
16:42 Bow Saw
17:43 Loom
24:03 Wheelbarrow
23:53 Gold Mining
29:36 Imperial Age
28:40 Scale Barding Armor
29:38 Bloodlines
29:28 Husbandry
29:54 Chain Barding Armor
30:41 Stone Mining
32:13 Two-Man Saw
31:19 Heavy Plow
31:57 Plate Barding Armor
31:57 Heavy Camel Rider
33:34 Forging
33:36 Fletching
34:31 Conscription
35:16 Chemistry
36:52 Iron Casting
36:44 Hand Cart
42:45 Ballistics
46:29 Light Cavalry
47:29 Hussar
52:28 Gold Shaft Mining
55:04 Blast Furnace
54:00 Bodkin Arrow
54:49 Town Watch
56:15 Conscription
62:23 Masonry
Connection lost

Rejoining the realm…

Still unreachable

The connection could not be restored.

Session expired

The server has moved on; the page needs a fresh start.